 Dungeon Crawl Stone Soup version 0.30-a0-840-ga523dec638 (webtiles) character file.

Game seed: 5503229213467858424

1007 Orangeyouglad the Grave Robber (level 8, -3/48 (52) HPs)
             Began as a Demonspawn Necromancer on Mar 1, 2023.
             Was an Initiate of Fedhas.
             Slain by a wight
             ... wielding a +3 falchion of freezing
              (6 damage)
             ... on level 6 of the Dungeon.
             The game lasted 00:15:13 (6033 turns).

Orangeyouglad the Grave Robber (DsNe)               Turns: 6033, Time: 00:15:14

HP:   -3/48 (52)    AC:  5    Str: 11    XL:     8   Next: 0%
MP:   14/14         EV: 13    Int: 17    God:    Fedhas [......]
Gold: 286           SH:  6    Dex: 13    Spells: 5/15 levels left

rFire   . . .      SeeInvis .    g - +4 whip (venom)
rCold   . . .      Faith    .    (no shield)
rNeg    . . .      Spirit   .    a - +0 robe
rPois   .          Reflect  .    t - +0 helmet
rElec   .          Harm     .    x - +0 cloak
rCorr   .          Rampage  .    f - +0 pair of gloves
Will    .....                    (no boots)
Stlth   +++                      (no amulet)
HPRegen 0.28/turn                (no ring)
MPRegen 0.14/turn                (no ring)

@: drained
A: hooves 1, large bone plates 2, demonic guardian 2
a: Renounce Religion


You were on level 6 of the Dungeon.
You worshipped Fedhas.
Fedhas was noncommittal.
You visited 2 branches of the dungeon, and saw 7 of its levels.

You collected 286 gold pieces.

Inventory:

Hand Weapons
 e - a +0 short sword
 g - a +4 whip of venom (weapon)
Missiles
 p - 4 boomerangs
Armour
 a - a +0 robe (worn)
 f - a +0 pair of gloves (worn)
 h - a +0 kite shield
 t - a +0 helmet (worn)
 v - a +0 leather armour
 x - a +0 cloak (worn)
Wands
 r - a wand of charming (14)
 y - a wand of quicksilver (8)
Scrolls
 c - a scroll of vulnerability
 i - 2 scrolls of teleportation
 j - a scroll of amnesia
 s - a scroll of fear
 u - a scroll of fog {unknown}
 w - 2 scrolls of enchant armour {unknown}
Potions
 b - a potion of magic
 d - a potion of haste
 k - 2 potions of cancellation
 l - a potion of lignification
 m - a potion of attraction {unknown}
 n - 2 potions of curing
 o - a potion of brilliance {unknown}
 q - 3 potions of might {unknown}


   Skills:
 + Level 4.5 Dodging
 + Level 4.8 Stealth
 - Level 4.0 Spellcasting
 + Level 6.7 Necromancy
 + Level 2.0 Translocations


You had 5 spell levels left.
You knew the following spells:

 Your Spells              Type           Power      Damage    Failure   Level
a - Necrotise             Necr           100%       1d9       1%          1
b - Vampiric Draining     Necr           26%        2d7       3%          3
c - Blink                 Tloc           20%        N/A       11%         2
d - Animate Dead          Necr           26%        N/A       10%         4

Your spell library contained the following spells:

 Spells                   Type           Power      Damage    Failure   Level
 Apportation              Tloc           20%        N/A       7%          1
 Magic Dart               Conj           12%        1d3       16%         1
 Summon Small Mammal      Summ           12%        N/A       16%         1
 Searing Ray              Conj           6%         2d4       24%         2
 Agony                    Necr           26%        N/A       28%         5
 Manifold Assault         Tloc           10%        N/A       56%         4
 Fulminant Prism          Conj/Hex       1%         3d5       83%         4
 Storm Form               Tmut/Air       1%         N/A       100%        7


Dungeon Overview and Level Annotations

Branches:
Dungeon (6/15)             Temple (1/1) D:5

Altars:
Ashenzari
Cheibriados
Dithmenos
Fedhas
Gozag
Makhleb
Nemelex Xobeh
Okawaru
Qazlal
Sif Muna
Trog
Uskayaw
Wu Jian
Xom
Yredelemnul

Shops:
D:1 :(

Annotations:
D:6 2 transporters


Innate Abilities, Weirdness & Mutations

You have large cloven feet.
You are mostly covered in large bone plates. (SH +6)
A demonic guardian rushes to your aid.


Message History

You kill the adder!
Fedhas appreciates your contribution to the ecosystem.
You feel sick.
You closely miss the wight.
The wight is severely damaged.
You feel sick.
The wight hits you with a +3 mace of freezing.
The wight freezes you.
You hit the wight.
You destroy the wight!
Fedhas accepts your kill.
You feel sick.
Your Translocations skill increases to level 2!
You have reached level 8!
You feel stronger.
You hit the wight but do no damage. You kick the wight, but do no damage.
The wight is almost destroyed.
You feel sick.
The wight hits you with a +3 falchion of freezing!
You feel drained.
* * * LOW HITPOINT WARNING * * *
The wight freezes you.
* * * LOW HITPOINT WARNING * * *
You hit the wight but do no damage. You kick the wight, but do no damage.
The wight is almost destroyed.
You feel sick. The wight hits you but does no damage.
Okay, then.
You feel better.
The wight hits you with a +3 falchion of freezing.
You feel drained. The wight freezes you.
You hit the wight. Your kick misses the wight.
The wight is almost destroyed.
The wight hits you with a +3 falchion of freezing!
* * * LOW HITPOINT WARNING * * *
A demonic guardian appears!
The wight freezes you.
* * * LOW HITPOINT WARNING * * *
The wight attacks as you move away!
The wight hits you with a +3 falchion of freezing.
You die...
Fedhas appreciates your contribution to the ecosystem.

..zz)..#### #### ######
.####)S.).## #.#8P#o. oK5#~8 .
##.##).# ##.#P.#≈≈≈≈≈≈≈#.P
.......###.######..#./#..P~~..#[$
.......##.....##..©#©.+..~⌠~..+.©
.......##.....#....#./#..P~P..#?$
.......##.....z.##.#P.#≈≈≈≈≈≈≈#.P
.......##......###.#8P#5oooooK#~8
######.##......z@..##############
#.##.....###.4..............
#.....# #................ #.....#
################# #######


You could see a wight (ally target), a shadow imp and a friendly ice devil
(summoned).

Vanquished Creatures
  An ogre (D:4)
  A kobold brigand (D:5)
  4 wights (D:6)
  A howler monkey (D:5)
  An orc priest (D:4)
  A hound (D:5)
  3 iguanas
  An orc wizard (D:6)
  A gnoll (D:4)
  9 adders
  3 worms
  A dart slug (D:1)
  9 orcs
  4 bats
  5 endoplasms
  A giant cockroach (D:1)
  10 goblins
  5 hobgoblins
  14 kobolds
  4 quokkas
  7 ball pythons
  4 frilled lizards
  4 rats
94 creatures vanquished.

Vanquished Creatures (collateral kills)
  An ice beast (D:3)
  A phantom (D:4)
  A necrophage (D:5)
  A jelly (D:5)
  An adder (D:5)
  A white imp (D:5)
  A worm (D:5)
  2 orcs (D:6)
  A bat (D:3)
  A kobold (D:5)
  A frilled lizard (D:2)
  An orc zombie (D:6)
13 creatures vanquished.

Vanquished Creatures (others)
  3 orc zombies (D:6)
3 creatures vanquished.

Grand Total: 110 creatures vanquished

Notes
Turn   | Place    | Note
-------+----------+-------------------------------------------
     0 | D:1      | Orangeyouglad the Demonspawn Necromancer began the quest
                  | for the Orb.
     0 | D:1      | Reached XP level 1. HP: 13/13 MP: 3/3
   323 | D:1      | Gained mutation: A weak demonic guardian rushes to your
                  | aid. [demonic ancestry]
   323 | D:1      | Reached XP level 2. HP: 19/19 MP: 5/5
   355 | D:1      | Found Suikhlifo's Weapon Shop.
   500 | D:1      | Found a faded altar of an unknown god.
   510 | D:1      | Found Gorr's Book Emporium.
   862 | D:2      | Gained mutation: A demonic guardian rushes to your aid.
                  | [demonic ancestry]
   862 | D:2      | Reached XP level 3. HP: 18/24 MP: 2/6
  1295 | D:2      | Learned a level 3 spell: Vampiric Draining
  1682 | D:2      | Learned a level 2 spell: Blink
  1753 | D:3      | Noticed an ice beast
  1765 | D:3      | Killed an ice beast
  1766 | D:3      | Reached skill level 5 in Necromancy
  1766 | D:3      | Gained mutation: You have large cloven feet. [demonic
                  | ancestry]
  1766 | D:3      | Reached XP level 4. HP: 5/30 MP: 1/8
  1766 | D:3      | Gained mutation: You are partially covered in large bone
                  | plates. (SH +4) [demonic ancestry]
  1766 | D:3      | Reached XP level 5. HP: 6/35 MP: 1/9
  2026 | D:3      | Learned a level 4 spell: Animate Dead
  2882 | D:4      | Noticed a phantom
  3576 | D:4      | Reached XP level 6. HP: 41/41 MP: 11/11
  3811 | D:5      | Entered Level 5 of the Dungeon
  4190 | D:4      | Reached skill level 6 in Necromancy
  4190 | D:4      | Gained mutation: You are mostly covered in large bone
                  | plates. (SH +6) [demonic ancestry]
  4190 | D:4      | Reached XP level 7. HP: 46/46 MP: 5/13
  4972 | D:5      | Reached skill level 1 in Translocations
  5244 | D:5      | Found a staircase to the Ecumenical Temple.
  5360 | Temple   | Entered the Ecumenical Temple
  5666 | Temple   | Became a worshipper of Fedhas Madash
  5859 | D:6      | Identified the +8 shortbow of Skirmishing {flame, rN+}
  5886 | D:6      | Found a transporter.
  5889 | D:6      | Noticed a kobold demonologist
  5890 | D:6      | Noticed a kobold demonologist
  5921 | D:6      | Found a transporter.
  6029 | D:6      | Reached XP level 8. HP: 26/52 MP: 14/14
  6033 | D:6      | Slain by a wight

Illustrated notes

Levels and vault maps discovered:
D:1:      kennysheep_arrival_forest, layout_basic,
          ebering_ecumenical_altar_petrified, serial_shops,
          nicolae_shop_hallway_plus, shop
D:2:      layout_basic, amcnicky_mini_pool_small, supply_closet_lemuel
D:3:      layout_basic
D:4:      kennysheep_six_static_rooms, layout_loops_corners
D:5:      layout_cave_pools, minmay_temple_entry_nine_rooms,
          serial_column_ruins, column_ruins_square_medium,
          column_ruins_square_medium, column_ruins_grid_1, column_ruins_grid_3,
          column_ruins_columns_straight, column_ruins_grid_1,
          column_ruins_grid_1, column_ruins_grid_1,
          hangedman_abyss_or_decor_lesser_grid
D:6:      gammafunk_wand_slinger, layout_basic, nicolae_overflow_crystal_walls
Temple:   eino_narrow_crystal_temple

Skill      XL: |  1  2  3  4  5  6  7 |
---------------+----------------------+-----
Stealth        | 2 3 4 |  4.8
Dodging        | 2 3 4 |  4.5
Spellcasting   | 3 4 |  4.0
Necromancy     | 5 6 |  6.7
Translocations | 2 |  2.0

Action                     |  1- 3 |  4- 6 |  7- 9 || total
---------------------------+-------+-------+-------++-------
  Melee: Short sword       |     8 |       |       ||     8
         Unarmed           |     4 |       |       ||     4
         Whip              |    39 |    89 |    53 ||   181
         Kick              |       |    17 |    19 ||    36
   Cast: Necrotise         |    29 |    13 |     9 ||    51
         Vampiric Draining |     1 |     5 |     3 ||     9
         Blink             |       |     2 |       ||     2
         Animate Dead      |       |       |     1 ||     1
  Evoke: Wand              |       |     3 |     2 ||     5
    Use: Scroll            |       |     5 |     4 ||     9
         Potion            |       |       |     1 ||     1
   Stab: Sleeping          |     6 |     8 |     1 ||    15
 Armour: Robe              |     7 |    23 |    17 ||    47
  Dodge: Dodged            |    45 |    69 |    38 ||   152
  Block: Other             |       |    16 |    24 ||    40

Table legend: (Time is in decaauts)
 A = Elapsed time spent in this place.
 B = Non-inter-level travel time spent in this place.
 C = Inter-level travel time spent in this place.
 D = Time resting spent in this place.
 E = Time spent auto-exploring this place.
 F = Levels seen in this place.
 G = Mean time per level.
                   A        B        C        D        E       F      G
               +--------+--------+--------+--------+--------+-----+--------+
         Total |   6049 |   5829 |    220 |    525 |   3735 |   7 |  864.1 |
       Dungeon |   5725 |   5516 |    209 |    525 |   3570 |   6 |  954.2 |
        Temple |    323 |    312 |     11 |      0 |    165 |   1 |  323.0 |
               +--------+--------+--------+--------+--------+-----+--------+

Top non-repeatable levels by time:
     D:4: 1813 daAuts
     D:3: 1120 daAuts
     D:2: 919 daAuts
     D:5: 852 daAuts
     D:1: 827 daAuts
  Temple: 323 daAuts
     D:6: 192 daAuts
